 Dungeon Crawl Stone Soup version 0.28.0-53-g5a82cb258f (webtiles) character file.

Game seed: 4150166404453993275

123 jamesblauser the Vexing (level 5, -1/40 HPs)
             Began as a Gnoll Arcane Marksman on Nov 5, 2022.
             Was an Initiate of Gozag.
             Succumbed to a scorpion's poison
             ... on level 3 of the Dungeon.
             The game lasted 00:15:32 (2800 turns).

jamesblauser the Vexing (Gnoll Arcane Marksman)     Turns: 2800, Time: 00:15:32

Health: -1/40      AC:  5    Str: 12      XL:     5   Next: 7%
Magic:  9/9        EV: 12    Int: 11 (12) God:    Gozag
Gold:   387        SH:  0    Dex: 12      Spells: 10/10 levels left

rFire   . . .      SeeInvis .   l - +0 lajatang (elec)
rCold   . . .      Faith    .   (shield currently unavailable)
rNeg    . . .      Spirit   .   k - +0 ring mail
rPois   .          Reflect  .   (no helmet)
rElec   .          Harm     .   (no cloak)
rCorr   .          Rampage  .   (no gloves)
Will    .....                   (no boots)
Stlth   +.........              (no amulet)
HPRegen 0.13/turn               g - +4 ring of evasion
MPRegen 0.11/turn               (no ring)

@: lethally poisoned (-1 -> -7), gold aura, constricted
A: fangs 1, strong nose, distributed training
a: Renounce Religion, Potion Petition, Call Merchant, Bribe Branch


You were on level 3 of the Dungeon.
You worshipped Gozag.
Gozag was aware of your devotion.
You visited 1 branch of the dungeon, and saw 3 of its levels.

You collected 387 gold pieces.

Inventory:

Hand Weapons
 a - a +0 hand crossbow
 e - a +0 short sword
 f - a +0 spear
 l - a +0 lajatang of electrocution (weapon)
Missiles
 c - 37 bolts
 h - 2 javelins (quivered)
Armour
 d - a +0 robe
 i - a +0 leather armour
 k - a +0 ring mail (worn)
Jewellery
 g - a +4 ring of evasion (left hand)
Wands
 m - a wand of acid (11)
 n - a wand of iceblast (10)
Scrolls
 j - 2 scrolls of teleportation
Potions
 b - a potion of curing
 o - 2 potions of haste


   Skills:
 + Level 2.9 Fighting
 + Level 1.3 Short Blades
 + Level 1.3 Long Blades
 + Level 1.3 Axes
 + Level 1.3 Maces & Flails
 + Level 1.3 Polearms
 + Level 1.3 Staves
 + Level 1.3 Slings
 + Level 1.3 Bows
 + Level 4.7 Crossbows
 + Level 1.3 Throwing
 + Level 1.3 Armour
 + Level 4.7 Dodging
 + Level 1.3 Stealth
 + Level 1.3 Shields
 + Level 1.3 Unarmed Combat
 + Level 3.1 Spellcasting
 + Level 1.1 Conjurations
 + Level 5.5 Hexes
 + Level 1.1 Summonings
 + Level 1.1 Necromancy
 + Level 1.1 Translocations
 + Level 1.1 Transmutations
 + Level 1.1 Fire Magic
 + Level 1.1 Ice Magic
 + Level 1.1 Air Magic
 + Level 1.1 Earth Magic
 + Level 1.1 Poison Magic
 + Level 1.5 Invocations
 + Level 1.3 Evocations


You had 10 spell levels left.
You didn't know any spells.
Your spell library contained the following spells:

 Spells                   Type           Power      Damage    Failure   Level
 Slow                     Hex            52%        N/A       6%          1
 Apportation              Tloc           8%         N/A       36%         1
 Inner Flame              Hex/Fire       9%         N/A       41%         3
 Portal Projectile        Hex/Tloc       18%        N/A       41%         3
 Cause Fear               Hex            6%         N/A       52%         4
 Animate Dead             Necr           2%         N/A       98%         4
 Borgnjor's Vile Clutch   Necr/Erth      2%         N/A       100%        5
 Death Channel            Necr           2%         N/A       100%        6


Dungeon Overview and Level Annotations

Branches:
Dungeon (3/15)

Altars:
Gozag


Innate Abilities, Weirdness & Mutations

You have very sharp teeth.
Your uncanny sense of smell can sniff out nearby items.
Your experience applies equally to all skills.


Message History

The scorpion is almost dead.
You feel very sick. The ball python barely misses you.
The ball python constricts you. The scorpion stings you.
* * * LOW HITPOINT WARNING * * *
The ball python barely misses you. The ball python constricts you.
The scorpion barely misses you.
You hit the scorpion.
You kill the scorpion!
* * * LOW HITPOINT WARNING * * *
You feel very sick. The ball python completely misses you.
The ball python constricts you. The ball python bites you.
* * * LOW HITPOINT WARNING * * *
The ball python constricts you.
You feel your strength returning.
You feel your intelligence returning.
Your Spellcasting skill increases to level 3!
Your Conjurations skill increases to level 1!
Your Summonings skill increases to level 1!
Your Necromancy skill increases to level 1!
Your Translocations skill increases to level 1!
Your Transmutations skill increases to level 1!
Your Fire Magic skill increases to level 1!
Your Ice Magic skill increases to level 1!
Your Air Magic skill increases to level 1!
Your Earth Magic skill increases to level 1!
Your Poison Magic skill increases to level 1!
You have reached level 5!
The ball python's grasp on you weakens, but your attempt to escape fails.
* * * LOW HITPOINT WARNING * * *
You feel sick. The ball python closely misses you.
The ball python constricts you.
You closely miss the ball python.
* * * LOW HITPOINT WARNING * * *
You feel very sick. The ball python closely misses you.
The ball python constricts you. The ball python completely misses you.
The ball python constricts you.
You closely miss the ball python.
You die...
Your body crumbles into a pile of gold.

... ..# .. #.#
....# .#.. ..# #
##### #### #.# #
#...#
#..###S######## #
#...#
#......@$...... #
#...#
#..###.######## #
#...###...##.#
####............#
.......###.#.##.#
#####.####.#..#.#
#..).#.##.#.# ###
#)####.##...# ..#
#.# #.###..#


You could see a ball python.

Vanquished Creatures
  A scorpion (D:3)
  An adder (D:2)
  A dart slug (D:1)
  8 ball pythons
  10 endoplasms
  A giant cockroach (D:2)
  7 goblins
  4 hobgoblins
  3 kobolds
  A quokka (D:2)
  5 bats
  5 rats
47 creatures vanquished.

Vanquished Creatures (others)
  A fungus (D:1)
  2 plants (D:1)
3 creatures vanquished.

Grand Total: 50 creatures vanquished

Notes
Turn   | Place    | Note
-------+----------+-------------------------------------------
     0 | D:1      | jamesblauser the Gnoll Arcane Marksman began the quest for
                  | the Orb.
     0 | D:1      | Reached XP level 1. HP: 17/17 MP: 4/4
   160 | D:1      | Found a faded altar of an unknown god.
   176 | D:1      | Got Plato's Grimoire of the Traveller
   177 | D:1      | Prayed at the altar of an unknown god.
   177 | D:1      | Became a worshipper of Gozag Ym Sagoz the Greedy
   475 | D:1      | Reached XP level 2. HP: 19/23 MP: 5/5
  1062 | D:2      | HP: 1/23 [goblin/+0 lajatang (1)]
  1064 | D:2      | Reached XP level 3. HP: 2/28 MP: 7/7
  1811 | D:2      | Reached skill level 1 in Invocations
  2015 | D:2      | Reached skill level 1 in Short Blades
  2015 | D:2      | Reached skill level 1 in Long Blades
  2015 | D:2      | Reached skill level 1 in Axes
  2015 | D:2      | Reached skill level 1 in Maces & Flails
  2015 | D:2      | Reached skill level 1 in Polearms
  2015 | D:2      | Reached skill level 1 in Staves
  2015 | D:2      | Reached skill level 1 in Slings
  2015 | D:2      | Reached skill level 1 in Bows
  2015 | D:2      | Reached skill level 1 in Throwing
  2015 | D:2      | Reached skill level 1 in Armour
  2015 | D:2      | Reached skill level 1 in Stealth
  2015 | D:2      | Reached skill level 1 in Shields
  2015 | D:2      | Reached skill level 1 in Unarmed Combat
  2015 | D:2      | Reached skill level 1 in Evocations
  2551 | D:3      | Reached XP level 4. HP: 34/34 MP: 8/8
  2788 | D:3      | Noticed a scorpion
  2797 | D:3      | Killed a scorpion
  2798 | D:3      | Reached skill level 1 in Conjurations
  2798 | D:3      | Reached skill level 1 in Summonings
  2798 | D:3      | Reached skill level 1 in Necromancy
  2798 | D:3      | Reached skill level 1 in Translocations
  2798 | D:3      | Reached skill level 1 in Transmutations
  2798 | D:3      | Reached skill level 1 in Fire Magic
  2798 | D:3      | Reached skill level 1 in Ice Magic
  2798 | D:3      | Reached skill level 1 in Air Magic
  2798 | D:3      | Reached skill level 1 in Earth Magic
  2798 | D:3      | Reached skill level 1 in Poison Magic
  2798 | D:3      | Reached XP level 5. HP: 5/40 MP: 9/9
  2799 | D:3      | HP: 1/40 [poisoned by a scorpion]
  2800 | D:3      | Succumbed to a scorpion's poison

Illustrated notes

Levels and vault maps discovered:
D:1:      minmay_arrival_up_and_down, layout_basic,
          shapermc_ecumenical_altar_rom_forum
D:2:      layout_loops_corners, chequers_arboretum, minmay_tromino_mix6
D:3:      layout_basic, lemuel_coloured_pillars_altar

Skill      XL: |  1  2  3  4 |
---------------+-------------+-----
Invocations    | 1 |  1.5
Short Blades   | 1 |  1.3
Long Blades    | 1 |  1.3
Axes           | 1 |  1.3
Maces & Flails | 1 |  1.3
Polearms       | 1 |  1.3
Staves         | 1 |  1.3
Slings         | 1 |  1.3
Bows           | 1 |  1.3
Throwing       | 1 |  1.3
Armour         | 1 |  1.3
Stealth        | 1 |  1.3
Shields        | 1 |  1.3
Unarmed Combat | 1 |  1.3
Evocations     | 1 |  1.3
Spellcasting   | 3 |  3.1
Conjurations   | 1 |  1.1
Summonings     | 1 |  1.1
Necromancy     | 1 |  1.1
Translocations | 1 |  1.1
Transmutations | 1 |  1.1
Fire Magic     | 1 |  1.1
Ice Magic      | 1 |  1.1
Air Magic      | 1 |  1.1
Earth Magic    | 1 |  1.1
Poison Magic   | 1 |  1.1
Fighting       | |  2.9
Crossbows      | |  4.7
Dodging        | |  4.7
Hexes          | |  5.5

Action                   |  1- 3 |  4- 6 || total
-------------------------+-------+-------++-------
Melee: Spear             |    52 |       ||    52
       Bite              |    13 |     1 ||    14
       Punch             |     3 |       ||     3
       Lajatang          |    61 |    24 ||    85
 Fire: Hand crossbow     |     7 |       ||     7
Throw: Javelin           |    16 |     1 ||    17
  Use: Scroll            |     7 |     1 ||     8
       Potion            |     3 |       ||     3
Armor: Leather armour    |     9 |       ||     9
       Ring mail         |    12 |     6 ||    18
Dodge: Dodged            |   126 |    26 ||   152
